 Dungeon Crawl Stone Soup version 0.31-a0-217-g58bb5d79cf (webtiles) character file.

Game seed: 1500505857042608915

104381 qw the Severer (level 16, -11/104 HPs)
             Began as a Gargoyle Fighter on July 2, 2023.
             Was an Elder of Okawaru.
             Mangled by a very large slime creature (45 damage)
             ... while paralysed by a great orb of eyes
             ... on level 15 of the Dungeon.
             The game lasted 00:12:57 (18303 turns).

qw the Severer (Gargoyle Fighter)                  Turns: 18303, Time: 00:12:57

Health: -11/104    AC: 34    Str: 35    XL:     16   Next: 38%
Magic:  21/23      EV:  2    Int:  8    God:    Okawaru [****..]
Gold:   1392       SH:  0    Dex:  9    Spells: 15/15 levels left

rFire   . . .        E - +4 broad axe
rCold   + . .        c - +0 tower shield
rNeg    + . .        t - +2 chain mail {rC+}
rPois   inf          s - +2 hat
rElec   +            (no cloak)
rCorr   .            r - +2 pair of gloves
SInv    .            a - +0 pair of boots
Will    +....        q - amulet of regeneration Stlth
                     h - +5 ring of evasion
HPRegen 1.17/turn    l - +6 ring of strength
MPRegen 0.18/turn

%: no passive effects
@: paralysed, heroic, flying
A: sickness immunity, AC +12, big wings, negative energy resistance 1,
electricity resistance, torment resistance 1, petrification resistance
a: Renounce Religion, Heroism, Finesse


You were on level 15 of the Dungeon.
You worshipped Okawaru.
Okawaru was greatly pleased with you.
You visited 3 branches of the dungeon, and saw 21 of its levels.
You visited the Abyss 1 time.

You collected 1482 gold pieces.
You spent 90 gold pieces at shops.


Innate Abilities, Weirdness & Mutations

You are immune to sickness and miasma.
Your stone body is resilient. (AC +12)
You are immune to poison.
Your large and strong wings let you fly.
You resist negative energy. (rN+)
You are resistant to electric shocks. (rElec)
You are resistant to unholy torment.
You are immune to petrification.


   Skills:
 - Level 13.0(18.0) Fighting
 - Level 17.0(22.0) Axes
 - Level 6.7(11.7) Throwing
 - Level 9.7(14.7) Armour
 - Level 4.0(9.0) Dodging
 + Level 14.1(19.1) Shields
 - Level 10.0 Invocations


You had 15 spell levels left.
You didn't know any spells.
Your spell library was empty.

Inventory:

Hand Weapons
 n - a +0 morningstar
 E - a +4 broad axe (weapon)
Missiles
 w - 7 boomerangs (quivered)
Armour
 a - a +0 pair of boots (worn)
 c - a +0 tower shield (worn)
 r - a +2 pair of gloves (worn)
 s - a +2 hat (worn)
 t - a +2 chain mail of cold resistance (worn)
 u - a +0 cloak
 x - a +0 plate armour
Jewellery
 h - a +5 ring of evasion (left hand)
 l - a +6 ring of strength (right hand)
 q - an amulet of regeneration (around neck)
 v - a ring of ice
Wands
 k - a wand of digging (14)
Scrolls
 j - 2 scrolls of identify
 y - 2 scrolls of teleportation
Potions
 b - 4 potions of haste
 d - 3 potions of might
 e - 6 potions of curing
 f - 2 potions of magic
 g - 4 potions of lignification
 i - 7 potions of attraction
 m - 2 potions of resistance
 o - 2 potions of enlightenment
 p - a potion of cancellation
 z - a potion of mutation

Dungeon Overview and Level Annotations

Branches:
Dungeon (15/15)            Temple (1/1) D:7            Lair (5/5) D:8
  Swamp (0/4) Lair:2       Spider (0/4) Lair:3        Slime (0/5) Lair:4
    Orc (0/2) D:9          Vaults (0/5) D:13
 Depths: D:15

Altars:
Ashenzari
Cheibriados
Dithmenos
Elyvilon
Fedhas
Gozag
Hepliaklqana
Kikubaaqudgha
Makhleb
Nemelex Xobeh
Okawaru
Qazlal
Ru
Sif Muna
Trog
Uskayaw
Vehumet
Wu Jian
Xom
Yredelemnul
Zin
The Shining One

Shops:
D:4 (   D:7 [

Portals:
Trove: D:13 (give 16 scrolls of teleportation)

Annotations:
D:4 2 transporters, 1 runed translucent door, Crazy Yiuf
D:10 2 transporters, Qyetur's ghost, journeyman TeSk
D:12 exclusion: obsidian statue
Lair:3 2 transporters, qw's ghost, journeyman DEHu


Message History

You block the great orb of eyes's attack.
You slash the slime creature!
The slime creature is almost dead.
You hit the great orb of eyes but do no damage.
Two slime creatures merge to form a large slime creature.
You block the great orb of eyes's attack.
You carve the large slime creature like a ham!!!
The large slime creature is almost dead.
You slash the great orb of eyes! The large slime creature hits you.
The great orb of eyes bites you!
Two slime creatures merge to form a very large slime creature.
18297 ||| INVOKING Heroism.
You gain the combat prowess of a mighty hero.
A cyan ugly thing comes into view.
The great orb of eyes closely misses you.
The cyan ugly thing gurgles horribly!
You slice the very large slime creature!!
The very large slime creature is severely wounded.
You hit the great orb of eyes.
You slash the very large slime creature!
The very large slime creature is severely wounded.
You barely miss the great orb of eyes.
You block the very large slime creature's attack.
The rakshasa completely misses you. The great orb of eyes gazes at you.
You suddenly lose the ability to move!
A skyshark comes into view.
The great orb of eyes gazes at you. You resist with some effort.
The rakshasa barely misses you.
The very large slime creature hits you but does no damage.
The great orb of eyes gazes at you. You resist with some effort.
The very large slime creature hits you!!
The rakshasa hits you from afar with a +0 trident.
The skyshark changes into a cyclops!
The very large slime creature hits you!!
The rakshasa hits you but does no damage.
The great orb of eyes bites you!
The very large slime creature hits you!!!
You die...

.........##.............
........##..............
...###..###%..?.........
......###.....##.#.....
..........#.....##....
.....##......#..# ..
.##.###..##########
#...###.## #.J#.##
..#.##..# #uG@..#
#....#.## #R##.##
.......# .C ##..#
...#...## ... ##...#
..###...#... #..###
...##...##. ##.## ....
..)......#####...## #....
..##........#.....##.....
.####.......#.....#.....


You could see a great orb of eyes, a brown ugly thing, a rakshasa, a very large
slime creature and a cyclops shaped shifter.

Vanquished Creatures
  Rupert (D:14)
  A lich (Abyss:2)
  Jorgrun (D:15)
  A tentacled monstrosity (Abyss:2)
  A tentacled starspawn (Abyss:2)
  Kirke (D:14)
  Roxanne (D:15)
  Louise (D:14)
  A very ugly thing (Abyss:2)
  Nessos (Lair:5)
  4 dire elephants (Lair:5)
  A rakshasa (D:15)
  9 hydras
  Erolcha (D:11)
  3 catoblepae
  A vault guard (D:13)
  A death knight (D:11)
  10 centaur warriors
  3 two-headed ogres
  A death yak (Lair:5)
  3 thrashing horrors (Abyss:2)
  A shock serpent (D:12)
  2 skysharks
  A pharaoh ant (Lair:3)
  2 sixfirhies (D:12)
  A spectral anaconda (Lair:5)
  An obsidian statue (Lair:5)
  4 necromancers (Lair:5)
  A large abomination (Abyss:2)
  8 starcursed masses (Abyss:2)
  2 orc knights
  10 ugly things
  2 manticores
  2 cyclopes
  A deep elf pyromancer (D:14)
  19 elephants
  15 cane toads
  A torpor snail (Lair:1)
  Joseph (D:7)
  A smoke demon (Abyss:2)
  9 black mambas
  2 gargoyles
  An ice statue (D:10)
  An unseen horror (shapeshifter) (D:13)
  Maggie (D:9)
  A kobold demonologist (D:11)
  A red devil (Abyss:2)
  3 efreet
  12 komodo dragons
  An ancient zyme (Abyss:2)
  4 trolls
  A tarantella (Lair:3)
  3 polar bears
  3 hornets (Lair:4)
  2 spectral elephants (Lair:5)
  15 blink frogs
  Grinder (D:3)
  A tarantella (shapeshifter) (D:15)
  Prince Ribbit (D:9)
  4 raiju
  8 dream sheep
  2 jumping spiders (Lair:3)
  28 slime creatures
  Sigmund (D:2)
  3 shadows
  2 vampires
  56 yaks
  2 dire elephant simulacra (Lair:5)
  3 humans (D:14)
  6 wraiths
  7 wyverns
  2 steam dragons
  9 basilisks
  A hog (D:14)
  A redback (Lair:3)
  A chaos spawn (Abyss:2)
  13 vampire mosquitoes
  Grum (Lair:1)
  A spectral cane toad (Lair:5)
  A warg (D:13)
  2 death yak simulacra (Lair:5)
  3 swamp worms (Lair:2)
  4 acid dragons
  15 water moccasins
  Duvessa (D:4)
  An ice beast (Abyss:2)
  7 orc warriors
  3 black bears
  An ogre (D:5)
  2 wolves (Lair:1)
  2 elephant skeletons (Lair:5)
  4 small abominations
  11 centaurs
  A phantom (D:7)
  13 bullfrogs
  2 gnoll sergeants
  3 scorpions
  2 cane toad simulacra (Lair:5)
  8 wights
  Dowan (D:4)
  A killer bee (D:11)
  5 electric eels
  3 howler monkeys
  5 hounds
  11 orc priests
  A jelly (D:5)
  Ijyb (D:3)
  An iron imp (Abyss:2)
  2 sleepcaps
  6 iguanas
  Natasha (thrice) (D:3)
  15 orc wizards
  3 gnolls (D:6)
  13 adders
  A white imp (D:8)
  3 ufetubi
  2 dart slugs
  48 orcs
  3 bats
  12 endoplasms
  2 giant cockroaches
  12 goblins
  5 hobgoblins
  5 jackals
  6 quokkas
  3 ball pythons
  11 frilled lizards
  8 kobolds
  6 rats
  2 starspawn tentacles (Abyss:2)
622 creatures vanquished.

Vanquished Creatures (others)
  A small abomination (Abyss:2)
  A starspawn tentacle (Abyss:2)
2 creatures vanquished.

Grand Total: 624 creatures vanquished

Notes
Turn   | Place    | Note
-------+----------+-------------------------------------------
     0 | D:1      | qw the Gargoyle Fighter began the quest for the Orb.
     0 | D:1      | Reached XP level 1. HP: 14/14 MP: 1/1
     0 | D:1      | 0 ||| qw: Version: 0.3-a-40-ge99b1a8
     0 | D:1      | 0 ||| qw: Game counter: 91
     0 | D:1      | 0 ||| qw: Melee chars always use a shield: true
     0 | D:1      | 0 ||| qw: God list: Okawaru
     0 | D:1      | 0 ||| qw: Allow faded altars: false
     0 | D:1      | 0 ||| qw: Do Orc after clearing Dungeon:15 true
     0 | D:1      | 0 ||| qw: Do second Lair branch before Depths: true
     0 | D:1      | 0 ||| qw: Lair rune preference: random
     0 | D:1      | 0 ||| qw: Goals: Normal, Zot:1-4, Slime:5, God:TSO, Crypt,
                  | Tomb, Abyss, Pan, Hells, Win
     0 | D:1      | 0 ||| PLANNING D:1-11
    35 | D:1      | Reached skill level 2 in Axes
   130 | D:1      | 130 ||| Stepping ~*~*~tactically~*~*~ (stealth).
   133 | D:1      | 133 ||| Stepping ~*~*~tactically~*~*~ (stealth).
   139 | D:1      | Reached XP level 2. HP: 19/19 MP: 2/2
   654 | D:1      | 654 ||| DROPPING +0 club.
   729 | D:1      | Found an opulent altar of Gozag.
   732 | D:1      | 732 ||| UPGRADING to +4 ring of protection.
   733 | D:1      | 733 ||| READING scroll labelled JOYQEA ZO TED.
   734 | D:1      | 734 ||| READING scroll labelled QEF UMYRICUFFU.
   735 | D:1      | 735 ||| READING scroll labelled QUDWIBB LASULU.
   736 | D:1      | 736 ||| DRINKING 3 amethyst potions.
   768 | D:2      | Reached skill level 3 in Axes
   805 | D:2      | Reached XP level 3. HP: 23/23 MP: 3/3
   823 | D:2      | 823 ||| Stepping ~*~*~tactically~*~*~ (stealth).
   825 | D:2      | 825 ||| Stepping ~*~*~tactically~*~*~ (stealth).
   842 | D:2      | 842 ||| Stepping ~*~*~tactically~*~*~ (stealth).
   947 | D:2      | Found a faded altar of an unknown god.
   956 | D:2      | 956 ||| Stepping ~*~*~tactically~*~*~ (stealth).
   958 | D:2      | Noticed Sigmund
   959 | D:2      | 959 ||| Stepping ~*~*~tactically~*~*~ (stealth).
   973 | D:2      | Killed Sigmund
   974 | D:2      | Reached skill level 5 in Axes
   974 | D:2      | Reached XP level 4. HP: 28/28 MP: 4/4
   974 | D:2      | Reached XP level 5. HP: 32/32 MP: 5/5
   976 | D:2      | Identified the +4 hand axe of Babiahem {freeze, rElec rF+++
                  | Str-4 Int+4}
  1078 | D:2      | Found a shadowy altar of Dithmenos.
  1258 | D:2      | 1258 ||| UPGRADING to +0 pair of boots.
  1263 | D:2      | 1263 ||| UPGRADING to +6 ring of dexterity.
  1264 | D:2      | 1264 ||| READING scroll labelled JAOCOTS NIGASSOLOM.
  1265 | D:2      | 1265 ||| DRINKING 2 bubbling orange potions.
  1386 | D:3      | Noticed Grinder
  1395 | D:3      | Paralysed by Grinder for 2 turns
  1401 | D:3      | Killed Grinder
  1402 | D:3      | Reached skill level 3 in Dodging
  1402 | D:3      | Reached XP level 6. HP: 25/37 MP: 6/6
  1495 | D:3      | 1495 ||| Stepping ~*~*~tactically~*~*~ (stealth).
  1497 | D:3      | 1497 ||| Stepping ~*~*~tactically~*~*~ (stealth).
  1517 | D:3      | 1517 ||| FLEEEEING.
  1518 | D:3      | 1518 ||| FLEEEEING.
  1519 | D:3      | 1519 ||| FLEEEEING.
  1520 | D:3      | 1520 ||| FLEEEEING.
  1521 | D:3      | 1521 ||| FLEEEEING.
  1522 | D:3      | 1522 ||| FLEEEEING.
  1523 | D:3      | 1523 ||| FLEEEEING.
  1524 | D:3      | 1524 ||| FLEEEEING.
  1525 | D:3      | 1525 ||| FLEEEEING.
  1526 | D:3      | 1526 ||| FLEEEEING.
  1527 | D:3      | 1527 ||| FLEEEEING.
  1528 | D:3      | 1528 ||| FLEEEEING.
  1529 | D:3      | 1529 ||| FLEEEEING.
  1530 | D:3      | 1530 ||| FLEEEEING.
  1531 | D:3      | 1531 ||| FLEEEEING.
  1532 | D:3      | 1532 ||| FLEEEEING.
  1533 | D:3      | 1533 ||| FLEEEEING.
  1534 | D:3      | 1534 ||| FLEEEEING.
  1535 | D:3      | 1535 ||| STAIRDANCE
  1560 | D:2      | 1560 ||| READING scroll labelled TEIL KUESCHUNG.
  1569 | D:3      | 1569 ||| STAIRDANCE
  1634 | D:2      | 1634 ||| DROPPING +0 mace.
  1677 | D:3      | 1677 ||| Stepping ~*~*~tactically~*~*~ (hiding).
  1682 | D:3      | Reached XP level 7. HP: 42/42 MP: 7/7
  1821 | D:3      | 1821 ||| Stepping ~*~*~tactically~*~*~ (stealth).
  1823 | D:3      | 1823 ||| Stepping ~*~*~tactically~*~*~ (stealth).
  1825 | D:3      | 1825 ||| Stepping ~*~*~tactically~*~*~ (stealth).
  1916 | D:3      | Noticed Natasha
  1924 | D:3      | Killed Natasha
  2062 | D:3      | Noticed Natasha
  2063 | D:3      | 2063 ||| Stepping ~*~*~tactically~*~*~ (stealth).
  2064 | D:3      | 2064 ||| Stepping ~*~*~tactically~*~*~ (stealth).
  2065 | D:3      | 2065 ||| Stepping ~*~*~tactically~*~*~ (stealth).
  2066 | D:3      | 2066 ||| Stepping ~*~*~tactically~*~*~ (stealth).
  2068 | D:3      | 2068 ||| Stepping ~*~*~tactically~*~*~ (hiding).
  2069 | D:3      | 2069 ||| Stepping ~*~*~tactically~*~*~ (hiding).
  2071 | D:3      | 2071 ||| Stepping ~*~*~tactically~*~*~ (hiding).
  2082 | D:3      | Killed Natasha
  2095 | D:3      | Noticed Ijyb
  2118 | D:3      | Killed Ijyb
  2119 | D:3      | Noticed Natasha
  2124 | D:3      | Killed Natasha
  2333 | D:3      | 2333 ||| UPGRADING to +0 chain mail.
  2343 | D:3      | 2343 ||| DROPPING +0 scale mail.
  2389 | D:4      | You fall into a shaft and drop 2 floors!
  2435 | D:6      | 2435 ||| Stepping ~*~*~tactically~*~*~ (hiding).
  2444 | D:6      | Reached skill level 6 in Axes
  2473 | D:5      | Entered Level 5 of the Dungeon
  2543 | D:5      | 2543 ||| Stepping ~*~*~tactically~*~*~ (stealth).
  2544 | D:5      | Noticed a steam dragon
  2560 | D:5      | Killed a steam dragon
  2561 | D:5      | Reached skill level 7 in Axes
  2695 | D:4      | 2695 ||| Stepping ~*~*~tactically~*~*~ (stealth).
  2701 | D:4      | Reached XP level 8. HP: 43/48 MP: 8/8
  2722 | D:4      | Found a transporter.
  2756 | D:4      | 2756 ||| Stepping ~*~*~tactically~*~*~ (stealth).
  2782 | D:4      | Found a transporter.
  2799 | D:4      | 2799 ||| Stepping ~*~*~tactically~*~*~ (hiding).
  2801 | D:4      | 2801 ||| Stepping ~*~*~tactically~*~*~ (hiding).
  2908 | D:4      | Found Qadaamn's Weapon Boutique.
  3095 | D:4      | Found Zin's Purification Station.
  3100 | D:4      | Found a glowing silver altar of Zin.
  3103 | D:4      | 3103 ||| BUYING potion of curing (90 gold).
  3103 | D:4      | Bought a potion of curing for 90 gold pieces
  3184 | D:4      | 3184 ||| FLEEEEING.
  3504 | D:4      | Noticed Dowan
  3505 | D:4      | Noticed Duvessa
  3517 | D:4      | Killed Dowan
  3518 | D:4      | HP: 9/49 [Duvessa/+0 short sword (11)]
  3519 | D:4      | 3519 ||| DRINKING 3 potions of heal wounds.
  3527 | D:4      | HP: 12/49 [Duvessa/+0 short sword (8)]
  3528 | D:4      | 3528 ||| DRINKING 2 potions of heal wounds.
  3530 | D:4      | Killed Duvessa
  3531 | D:4      | Reached skill level 8 in Axes
  3611 | D:4      | Found a runed translucent door.
  3612 | D:4      | Noticed Crazy Yiuf
  3654 | D:4      | 3654 ||| UPGRADING to +0 pair of gloves.
  3659 | D:4      | 3659 ||| UPGRADING to +2 hat.
  3664 | D:4      | 3664 ||| DROPPING orb of energy.
  3665 | D:4      | 3665 ||| UPGRADING to amulet of regeneration.
  3670 | D:4      | 3670 ||| READING scroll labelled LUNOAMYGHI.
  3671 | D:4      | 3671 ||| READING scroll labelled BUURAJ KENTODYK.
  3772 | D:4      | 3772 ||| DRINKING 2 lumpy grey potions.
  3850 | D:5      | 3850 ||| Stepping ~*~*~tactically~*~*~ (hiding).
  3962 | D:5      | 3962 ||| Stepping ~*~*~tactically~*~*~ (stealth).
  3964 | D:5      | 3964 ||| Stepping ~*~*~tactically~*~*~ (hiding).
  3965 | D:5      | 3965 ||| Stepping ~*~*~tactically~*~*~ (hiding).
  4029 | D:5      | Found an opulent altar of Gozag.
  4030 | D:5      | Found a basalt altar of Yredelemnul.
  4073 | D:5      | Reached skill level 6 in Fighting
  4128 | D:5      | Reached XP level 9. HP: 55/55 MP: 9/9
  4148 | D:5      | Found a radiant altar of Vehumet.
  4319 | D:5      | Found a sacrificial altar of Ru.
  4411 | D:5      | 4411 ||| UPGRADING to +2 chain mail of cold resistance.
  4421 | D:5      | 4421 ||| DROPPING +0 chain mail.
  4422 | D:5      | 4422 ||| UPGRADING to +0 kite shield.
  4432 | D:5      | 4432 ||| DROPPING +0 buckler.
  4433 | D:5      | 4433 ||| DRINKING 2 cyan potions.
  4434 | D:5      | 4434 ||| DRINKING 2 viscous black potions.
  4505 | D:6      | 4505 ||| Stepping ~*~*~tactically~*~*~ (hiding).
  4506 | D:6      | 4506 ||| Stepping ~*~*~tactically~*~*~ (hiding).
  4509 | D:6      | 4509 ||| Stepping ~*~*~tactically~*~*~ (hiding).
  4526 | D:6      | 4526 ||| DROPPING +0 flail.
  4907 | D:6      | 4907 ||| Stepping ~*~*~tactically~*~*~ (stealth).
  4909 | D:6      | 4909 ||| Stepping ~*~*~tactically~*~*~ (hiding).
  4915 | D:6      | 4915 ||| Stepping ~*~*~tactically~*~*~ (hiding).
  5015 | D:6      | 5015 ||| Stepping ~*~*~tactically~*~*~ (stealth).
  5016 | D:6      | 5016 ||| Stepping ~*~*~tactically~*~*~ (stealth).
  5147 | D:6      | 5147 ||| DRINKING 2 fizzy grey potions.
  5217 | D:7      | Identified the +0 chain mail of Past Mistakes {Fly Str+4}
  5247 | D:7      | Reached skill level 6 in Shields
  5285 | D:7      | 5285 ||| Stepping ~*~*~tactically~*~*~ (cloud).
  5342 | D:7      | Found a staircase to the Ecumenical Temple.
  5343 | D:7      | 5343 ||| PLANNING TEMPLE
  5343 | D:7      | 5343 ||| UPGRADING to +0 chain mail of Past Mistakes {Fly
                  | Str+4}.
  5353 | D:7      | 5353 ||| READING scroll labelled UKLIEKHERAG.
  5366 | Temple   | Entered the Ecumenical Temple
  5412 | Temple   | 5412 ||| PLANNING OKAWARU WORSHIP
  5423 | Temple   | Became a worshipper of Warmaster Okawaru
  5424 | Temple   | 5424 ||| PLANNING D:1-11
  5450 | D:7      | Reached skill level 1 in Throwing
  5479 | D:7      | 5479 ||| DROPPING +0 flail of protection.
  5486 | D:7      | 5486 ||| Stepping ~*~*~tactically~*~*~ (stealth).
  5541 | D:7      | Found a flagged portal.
  5573 | D:7      | Noticed Joseph
  5589 | D:7      | Killed Joseph
  5667 | D:7      | Reached skill level 9 in Axes
  5667 | D:7      | Reached XP level 10. HP: 60/60 MP: 10/10
  5748 | D:7      | Found Xeiplanet's Antique Armour Boutique.
  5839 | D:7      | Found a stormy altar of Qazlal.
  6022 | D:8      | 6022 ||| DRINKING 4 potions of curing.
  6022 | D:8      | 6022 ||| (to cure confusion)
  6045 | D:8      | 6045 ||| Stepping ~*~*~tactically~*~*~ (stealth).
  6061 | D:8      | Reached * piety under Okawaru
  6066 | D:8      | Reached skill level 1 in Invocations
  6082 | D:8      | Found a staircase to the Lair.
  6242 | D:8      | 6242 ||| Stepping ~*~*~tactically~*~*~ (stealth).
  6244 | D:8      | 6244 ||| Stepping ~*~*~tactically~*~*~ (stealth).
  6245 | D:8      | 6245 ||| Stepping ~*~*~tactically~*~*~ (stealth).
  6247 | D:8      | 6247 ||| Stepping ~*~*~tactically~*~*~ (stealth).
  6248 | D:8      | 6248 ||| Stepping ~*~*~tactically~*~*~ (stealth).
  6260 | D:8      | Reached skill level 9 in Shields
  6260 | D:8      | Reached skill level 3 in Invocations
  6265 | D:8      | Reached ** piety under Okawaru
  6314 | D:8      | 6314 ||| Stepping ~*~*~tactically~*~*~ (hiding).
  6341 | D:8      | 6341 ||| INVOKING Heroism.
  6853 | D:8      | 6853 ||| Stepping ~*~*~tactically~*~*~ (hiding).
  6854 | D:8      | 6854 ||| Stepping ~*~*~tactically~*~*~ (hiding).
  7038 | D:8      | 7038 ||| PLANNING LAIR
  7038 | D:8      | 7038 ||| READING scroll labelled NAODUK AHYLUCE.
  7092 | Lair:1   | Entered Level 1 of the Lair of Beasts
  7130 | Lair:1   | 7130 ||| INVOKING Heroism.
  7135 | Lair:1   | Reached skill level 10 in Axes
  7176 | Lair:1   | Noticed a black mamba
  7177 | Lair:1   | 7177 ||| INVOKING Heroism.
  7183 | Lair:1   | Killed a black mamba
  7206 | Lair:1   | 7206 ||| INVOKING Heroism.
  7212 | Lair:1   | Reached XP level 11. HP: 69/69 MP: 11/14
  7234 | Lair:1   | 7234 ||| INVOKING Heroism.
  7285 | Lair:1   | 7285 ||| INVOKING Heroism.
  7309 | Lair:1   | Reached *** piety under Okawaru
  7310 | Lair:1   | Reached skill level 11 in Axes
  7310 | Lair:1   | 7310 ||| INVOKING Heroism.
  7530 | Lair:1   | 7530 ||| Stepping ~*~*~tactically~*~*~ (stealth).
  7531 | Lair:1   | 7531 ||| INVOKING Heroism.
  7556 | Lair:1   | Noticed Grum
  7557 | Lair:1   | 7557 ||| Stepping ~*~*~tactically~*~*~ (stealth).
  7559 | Lair:1   | 7559 ||| Stepping ~*~*~tactically~*~*~ (hiding).
  7563 | Lair:1   | 7563 ||| INVOKING Heroism.
  7576 | Lair:1   | Killed Grum
  7803 | Lair:1   | 7803 ||| READING 2 scrolls labelled NOXYOKK DAANKA.
  7807 | Lair:1   | 7807 ||| READING scroll labelled ILATZA MINA.
  7808 | Lair:1   | 7808 ||| DRINKING 2 silvery potions.
  7809 | Lair:1   | 7809 ||| DRINKING 2 white potions.
  7820 | Lair:2   | 7820 ||| PLANNING GAUNTLET
  7842 | Lair:2   | Noticed a four-headed hydra
  7843 | Lair:2   | 7843 ||| Stepping ~*~*~tactically~*~*~ (stealth).
  7845 | Lair:2   | 7845 ||| Stepping ~*~*~tactically~*~*~ (hiding).
  7846 | Lair:2   | 7846 ||| INVOKING Heroism.
  7847 | Lair:2   | 7847 ||| Stepping ~*~*~tactically~*~*~ (hiding).
  7848 | Lair:2   | 7848 ||| SWAPPING to +0 morningstar.
  7854 | Lair:2   | Killed a four-headed hydra
  7855 | Lair:2   | Reached skill level 6 in Armour
  7855 | Lair:2   | 7855 ||| SWAPPING to +1 war axe.
  7884 | Lair:2   | Reached **** piety under Okawaru
  7931 | Lair:2   | 7931 ||| INVOKING Heroism.
  7967 | Lair:2   | Noticed a skyshark
  7977 | Lair:2   | Killed a skyshark
  8035 | Lair:2   | 8035 ||| INVOKING Heroism.
  8055 | Lair:2   | Reached skill level 9 in Fighting
  8079 | Lair:2   | 8079 ||| INVOKING Heroism.
  8108 | Lair:2   | 8108 ||| INVOKING Heroism.
  8137 | Lair:2   | 8137 ||| INVOKING Heroism.
  8199 | Lair:2   | 8199 ||| INVOKING Heroism.
  8208 | Lair:2   | Reached XP level 12. HP: 76/76 MP: 14/16
  8213 | Lair:2   | Reached skill level 6 in Invocations
  8232 | Lair:2   | 8232 ||| Stepping ~*~*~tactically~*~*~ (stealth).
  8253 | Lair:2   | 8253 ||| RIP GAUNTLET
  8262 | Lair:2   | 8262 ||| PLANNING LAIR
  8363 | Lair:2   | 8363 ||| INVOKING Heroism.
  8637 | Lair:2   | 8637 ||| INVOKING Heroism.
  8645 | Lair:2   | Reached skill level 12 in Axes
  8682 | Lair:2   | Found a staircase to the Swamp.
  8700 | Lair:2   | Noticed a five-headed hydra
  8701 | Lair:2   | 8701 ||| INVOKING Heroism.
  8702 | Lair:2   | 8702 ||| SWAPPING to +0 morningstar.
  8710 | Lair:2   | Killed a five-headed hydra
  8711 | Lair:2   | 8711 ||| SWAPPING to +1 war axe.
  8757 | Lair:2   | 8757 ||| READING scroll labelled UGETWE ETUGU.
  8825 | Lair:3   | 8825 ||| Stepping ~*~*~tactically~*~*~ (stealth).
  8826 | Lair:3   | 8826 ||| Stepping ~*~*~tactically~*~*~ (stealth).
  8828 | Lair:3   | 8828 ||| Stepping ~*~*~tactically~*~*~ (stealth).
  8866 | Lair:3   | Found a transporter.
  8867 | Lair:3   | Noticed a seven-headed hydra
  8874 | Lair:3   | Noticed a catoblepas
  8886 | Lair:3   | Noticed qw's ghost (journeyman DEHu)
  8890 | Lair:3   | Found a transporter.
  8956 | Lair:3   | Noticed a six-headed hydra
  8957 | Lair:3   | 8957 ||| INVOKING Heroism.
  8961 | Lair:3   | 8961 ||| SWAPPING to +0 morningstar.
  8968 | Lair:3   | HP: 14/76 [six-headed hydra (10)]
  8968 | Lair:3   | HP: 4/76 [six-headed hydra (10)]
  8969 | Lair:3   | 8969 ||| READING scroll of teleportation.
  8970 | Lair:3   | 8970 ||| DRINKING 4 potions of heal wounds.
  8971 | Lair:3   | 8971 ||| DRINKING 3 potions of heal wounds.
  8971 | Lair:3   | Noticed a four-headed hydra
  8973 | Lair:3   | 8973 ||| SWAPPING to +1 war axe.
  8981 | Lair:3   | 8981 ||| SWAPPING to +0 morningstar.
  8983 | Lair:3   | Killed a six-headed hydra
  8988 | Lair:3   | HP: 13/76 [four-headed hydra (11)]
  8989 | Lair:3   | 8989 ||| DRINKING 2 potions of heal wounds.
  8992 | Lair:3   | Killed a four-headed hydra
  8992 | Lair:3   | Reached ***** piety under Okawaru
  8993 | Lair:3   | 8993 ||| SWAPPING to +1 war axe.
  8995 | Lair:3   | HP: 17/76 [komodo dragon (15)]
  8996 | Lair:3   | 8996 ||| DRINKING potion of heal wounds.
  9000 | Lair:3   | 9000 ||| INVOKING Heroism.
  9014 | Lair:3   | 9014 ||| DRINKING 5 potions of curing.
  9014 | Lair:3   | 9014 ||| (to cure confusion)
  9015 | Lair:3   | HP: 15/77 [tarantella (7)]
  9017 | Lair:3   | Reached skill level 9 in Invocations
  9017 | Lair:3   | HP: 7/77 [tarantella (10)]
  9029 | Lair:3   | HP: 14/77 [jumping spider (1)]
  9032 | Lair:3   | Received a gift from Okawaru
  9036 | Lair:3   | HP: 16/77 [yak (4)]
  9040 | Lair:3   | 9040 ||| INVOKING Heroism.
  9168 | Lair:3   | Found a hole to the Spider Nest.
  9213 | Lair:3   | Noticed a six-headed hydra
  9214 | Lair:3   | 9214 ||| Stepping ~*~*~tactically~*~*~ (stealth).
  9215 | Lair:3   | 9215 ||| Stepping ~*~*~tactically~*~*~ (stealth).
  9216 | Lair:3   | 9216 ||| Stepping ~*~*~tactically~*~*~ (stealth).
  9217 | Lair:3   | 9217 ||| Stepping ~*~*~tactically~*~*~ (stealth).
  9218 | Lair:3   | 9218 ||| Stepping ~*~*~tactically~*~*~ (stealth).
  9219 | Lair:3   | 9219 ||| Stepping ~*~*~tactically~*~*~ (stealth).
  9247 | Lair:3   | Noticed an eight-headed hydra
  9248 | Lair:3   | 9248 ||| INVOKING Heroism.
  9249 | Lair:3   | 9249 ||| INVOKING Finesse.
  9260 | Lair:3   | Killed an eight-headed hydra
  9335 | Lair:3   | 9335 ||| INVOKING Heroism.
  9339 | Lair:3   | 9339 ||| SWAPPING to +0 morningstar.
  9341 | Lair:3   | Killed a six-headed hydra
  9342 | Lair:3   | Reached XP level 13. HP: 73/82 MP: 18/20
  9342 | Lair:3   | 9342 ||| SWAPPING to +1 war axe.
  9615 | Lair:4   | 9615 ||| Stepping ~*~*~tactically~*~*~ (stealth).
  9640 | Lair:4   | 9640 ||| INVOKING Heroism.
  9699 | Lair:4   | 9699 ||| Stepping ~*~*~tactically~*~*~ (stealth).
  9718 | Lair:4   | Reached skill level 13 in Axes
  9725 | Lair:4   | 9725 ||| INVOKING Heroism.
  9799 | Lair:4   | 9799 ||| INVOKING Heroism.
  9876 | Lair:4   | 9876 ||| READING scroll of enchant weapon.
  9876 | Lair:4   | 9876 ||| ENCHANTING +1 war axe.
  9897 | Lair:4   | 9897 ||| INVOKING Heroism.
  9916 | Lair:4   | Received a gift from Okawaru
  9928 | Lair:4   | 9928 ||| SWAPPING to +0 war axe of draining.
  9941 | Lair:4   | 9941 ||| INVOKING Heroism.
 10244 | Lair:4   | Found a staircase to the Slime Pits.
 10541 | Lair:4   | 10541 ||| READING scroll labelled SUUHAI QIBBUKK.
 10542 | Lair:4   | 10542 ||| READING scroll labelled NEXOFE ZEMO.
 10557 | Lair:5   | Entered Level 5 of the Lair of Beasts
 10559 | Lair:5   | 10559 ||| Stepping ~*~*~tactically~*~*~ (stealth).
 10573 | Lair:5   | 10573 ||| Stepping ~*~*~tactically~*~*~ (stealth).
 10618 | Lair:5   | 10618 ||| INVOKING Heroism.
 10620 | Lair:5   | 10620 ||| INVOKING Finesse.
 10621 | Lair:5   | 10621 ||| SWAPPING to +0 morningstar.
 10630 | Lair:5   | 10630 ||| SWAPPING to +0 war axe of draining.
 10668 | Lair:5   | 10668 ||| Stepping ~*~*~tactically~*~*~ (stealth).
 10669 | Lair:5   | 10669 ||| Stepping ~*~*~tactically~*~*~ (stealth).
 10670 | Lair:5   | 10670 ||| Stepping ~*~*~tactically~*~*~ (stealth).
 10673 | Lair:5   | 10673 ||| Stepping ~*~*~tactically~*~*~ (stealth).
 10674 | Lair:5   | 10674 ||| Stepping ~*~*~tactically~*~*~ (stealth).
 10675 | Lair:5   | 10675 ||| INVOKING Heroism.
 10683 | Lair:5   | Reached skill level 14 in Axes
 10713 | Lair:5   | Noticed Nessos
 10714 | Lair:5   | 10714 ||| SWAPPING to +0 broad axe.
 10725 | Lair:5   | Killed Nessos
 10735 | Lair:5   | 10735 ||| DROPPING +4 hand axe of Babiahem {freeze, rElec
                  | rF+++ Str-4 Int+4}.
 10736 | Lair:5   | 10736 ||| DROPPING +2 war axe.
 10737 | Lair:5   | 10737 ||| DROPPING +0 war axe of draining.
 10747 | Lair:5   | 10747 ||| INVOKING Heroism.
 10928 | Lair:5   | 10928 ||| INVOKING Heroism.
 11034 | Lair:5   | 11034 ||| INVOKING Heroism.
 11039 | Lair:5   | 11039 ||| SWAPPING to +0 morningstar.
 11041 | Lair:5   | 11041 ||| SWAPPING to +0 broad axe.
 11043 | Lair:5   | 11043 ||| SWAPPING to +0 morningstar.
 11047 | Lair:5   | 11047 ||| SWAPPING to +0 broad axe.
 11105 | Lair:5   | 11105 ||| INVOKING Heroism.
 11106 | Lair:5   | 11106 ||| Stepping ~*~*~tactically~*~*~ (stealth).
 11107 | Lair:5   | 11107 ||| Stepping ~*~*~tactically~*~*~ (stealth).
 11126 | Lair:5   | Gained mutation: Your large and strong wings let you fly.
                  | [Gargoyle growth]
 11126 | Lair:5   | Reached XP level 14. HP: 76/88 MP: 21/21
 11294 | Lair:5   | 11294 ||| Stepping ~*~*~tactically~*~*~ (stealth).
 11296 | Lair:5   | 11296 ||| Stepping ~*~*~tactically~*~*~ (stealth).
 11316 | Lair:5   | 11316 ||| INVOKING Heroism.
 11323 | Lair:5   | Reached skill level 12 in Shields
 11514 | Lair:5   | Noticed a dire elephant
 11514 | Lair:5   | Noticed a dire elephant
 11514 | Lair:5   | Noticed a dire elephant
 11532 | Lair:5   | Received a gift from Okawaru
 11551 | Lair:5   | 11551 ||| INVOKING Heroism.
 11552 | Lair:5   | 11552 ||| INVOKING Finesse.
 11604 | Lair:5   | 11604 ||| Stepping ~*~*~tactically~*~*~ (stealth).
 11617 | Lair:5   | 11617 ||| Stepping ~*~*~tactically~*~*~ (stealth).
 11618 | Lair:5   | 11618 ||| Stepping ~*~*~tactically~*~*~ (stealth).
 11656 | Lair:5   | 11656 ||| INVOKING Heroism.
 11781 | Lair:5   | Noticed a dire elephant
 11782 | Lair:5   | 11782 ||| INVOKING Heroism.
 11798 | Lair:5   | Killed a dire elephant
 11870 | Lair:5   | 11870 ||| INVOKING Heroism.
 11889 | Lair:5   | Killed a dire elephant
 11890 | Lair:5   | Reached skill level 15 in Axes
 11893 | Lair:5   | Killed a dire elephant
 11899 | Lair:5   | HP: 20/90 [dire elephant (13)]
 11900 | Lair:5   | 11900 ||| READING 2 scrolls of teleportation.
 11901 | Lair:5   | 11901 ||| DRINKING potion of heal wounds.
 12143 | Lair:5   | 12143 ||| INVOKING Heroism.
 12144 | Lair:5   | 12144 ||| INVOKING Finesse.
 12181 | Lair:5   | 12181 ||| Stepping ~*~*~tactically~*~*~ (stealth).
 12207 | Lair:5   | Killed a dire elephant
 12208 | Lair:5   | Reached skill level 9 in Armour
 12212 | Lair:5   | Received a gift from Okawaru
 12243 | Lair:5   | 12243 ||| PLANNING D:1-11
 12243 | Lair:5   | 12243 ||| UPGRADING to +2 chain mail of cold resistance.
 12253 | Lair:5   | 12253 ||| DROPPING +0 chain mail of Past Mistakes {Fly
                  | Str+4}.
 12449 | D:9      | Noticed Maggie
 12461 | D:9      | Killed Maggie
 12472 | D:9      | Noticed Prince Ribbit
 12474 | D:9      | 12474 ||| Stepping ~*~*~tactically~*~*~ (stealth).
 12490 | D:9      | Killed Prince Ribbit
 12529 | D:9      | Found a staircase to the Orcish Mines.
 12588 | D:9      | Found a white marble altar of Elyvilon.
 12825 | D:9      | 12825 ||| Stepping ~*~*~tactically~*~*~ (hiding).
 12826 | D:9      | 12826 ||| Stepping ~*~*~tactically~*~*~ (hiding).
 13061 | D:9      | 13061 ||| READING 2 scrolls of identify.
 13061 | D:9      | 13061 ||| IDENTIFYING bubbling dark potion
 13062 | D:9      | 13062 ||| DROPPING potion of ambrosia.
 13098 | D:10     | Entered Level 10 of the Dungeon
 13105 | D:10     | Found a bloodstained altar of Trog.
 13124 | D:10     | 13124 ||| Stepping ~*~*~tactically~*~*~ (stealth).
 13250 | D:10     | 13250 ||| Stepping ~*~*~tactically~*~*~ (stealth).
 13250 | D:10     | Found a transporter.
 13365 | D:10     | Found a transporter.
 13366 | D:10     | Noticed Qyetur's ghost (journeyman TeSk)
 13509 | D:10     | Reached skill level 3 in Throwing
 13517 | D:10     | 13517 ||| INVOKING Heroism.
 13518 | D:10     | 13518 ||| INVOKING Finesse.
 13765 | D:11     | 13765 ||| Stepping ~*~*~tactically~*~*~ (hiding).
 13776 | D:11     | 13776 ||| INVOKING Heroism.
 13805 | D:11     | 13805 ||| SWAPPING to +3 broad axe.
 13806 | D:11     | 13806 ||| DROPPING +0 broad axe.
 13813 | D:11     | Identified the +0 arbalest "Nilaz" {speed, *Corrode rPois
                  | rN++}
 13824 | D:11     | 13824 ||| Stepping ~*~*~tactically~*~*~ (hiding).
 13989 | D:11     | 13989 ||| Stepping ~*~*~tactically~*~*~ (hiding).
 13990 | D:11     | 13990 ||| Stepping ~*~*~tactically~*~*~ (hiding).
 13991 | D:11     | 13991 ||| Stepping ~*~*~tactically~*~*~ (hiding).
 14170 | D:11     | Identified the +2 ring mail "Xiyqeunedi" {Int+2}
 14210 | D:11     | 14210 ||| UPGRADING to +6 ring of strength.
 14212 | D:11     | 14212 ||| UPGRADING to +4 ring of protection.
 14214 | D:11     | 14214 ||| DROPPING +6 ring of dexterity.
 14215 | D:11     | 14215 ||| READING scroll labelled POKLENITTO.
 14216 | D:11     | 14216 ||| READING scroll labelled ULOTTE RESK.
 14217 | D:11     | 14217 ||| READING 2 scrolls of identify.
 14217 | D:11     | 14217 ||| IDENTIFYING metallic pink potion
 14331 | D:11     | 14331 ||| Stepping ~*~*~tactically~*~*~ (hiding).
 14376 | D:11     | 14376 ||| Stepping ~*~*~tactically~*~*~ (hiding).
 14377 | D:11     | 14377 ||| Stepping ~*~*~tactically~*~*~ (hiding).
 14496 | D:11     | 14496 ||| Stepping ~*~*~tactically~*~*~ (stealth).
 14531 | D:11     | Reached skill level 12 in Fighting
 14558 | D:11     | 14558 ||| INVOKING Heroism.
 14643 | D:11     | 14643 ||| READING 2 scrolls of identify.
 14643 | D:11     | 14643 ||| IDENTIFYING orange potion
 14644 | D:11     | 14644 ||| DROPPING potion of brilliance.
 14816 | D:11     | Noticed Erolcha
 14817 | D:11     | 14817 ||| INVOKING Heroism.
 14818 | D:11     | 14818 ||| Stepping ~*~*~tactically~*~*~ (hiding).
 14819 | D:11     | 14819 ||| Stepping ~*~*~tactically~*~*~ (hiding).
 14820 | D:11     | 14820 ||| INVOKING Finesse.
 14823 | D:11     | Killed Erolcha
 14824 | D:11     | Reached XP level 15. HP: 96/96 MP: 15/22
 15025 | D:11     | 15025 ||| PLANNING D
 15025 | D:11     | 15025 ||| DROPPING amulet of the acrobat.
 15026 | D:11     | 15026 ||| DRINKING 2 blue potions.
 15027 | D:11     | 15027 ||| READING 2 scrolls of identify.
 15027 | D:11     | 15027 ||| IDENTIFYING glowing cyan potion
 15028 | D:11     | 15028 ||| DROPPING potion of invisibility.
 15063 | D:12     | 15063 ||| Stepping ~*~*~tactically~*~*~ (stealth).
 15110 | D:12     | 15110 ||| Stepping ~*~*~tactically~*~*~ (stealth).
 15128 | D:12     | 15128 ||| Stepping ~*~*~tactically~*~*~ (stealth).
 15130 | D:12     | 15130 ||| Stepping ~*~*~tactically~*~*~ (stealth).
 15143 | D:12     | 15143 ||| READING scroll of enchant weapon.
 15143 | D:12     | 15143 ||| ENCHANTING +3 broad axe.
 15145 | D:12     | 15145 ||| Stepping ~*~*~tactically~*~*~ (stealth).
 15149 | D:12     | 15149 ||| Stepping ~*~*~tactically~*~*~ (stealth).
 15269 | D:12     | 15269 ||| Stepping ~*~*~tactically~*~*~ (stealth).
 15271 | D:12     | 15271 ||| Stepping ~*~*~tactically~*~*~ (stealth).
 15272 | D:12     | 15272 ||| Stepping ~*~*~tactically~*~*~ (stealth).
 15273 | D:12     | 15273 ||| Stepping ~*~*~tactically~*~*~ (stealth).
 15274 | D:12     | 15274 ||| Stepping ~*~*~tactically~*~*~ (stealth).
 15433 | D:12     | 15433 ||| READING scroll of enchant armour.
 15433 | D:12     | 15433 ||| ENCHANTING +0 pair of gloves.
 15496 | D:12     | 15496 ||| Stepping ~*~*~tactically~*~*~ (stealth).
 15566 | D:12     | 15566 ||| INVOKING Heroism.
 15567 | D:12     | 15567 ||| INVOKING Finesse.
 15574 | D:12     | 15574 ||| UPGRADING to +5 ring of evasion.
 15587 | D:12     | 15587 ||| UPGRADING to +6 ring of strength.
 15704 | D:12     | 15704 ||| Stepping ~*~*~tactically~*~*~ (hiding).
 15736 | D:12     | 15736 ||| INVOKING Heroism.
 15765 | D:12     | Found the +8 storm bow {elec, penet}
 15837 | D:12     | 15837 ||| DROPPING +4 ring of protection.
 15838 | D:12     | 15838 ||| READING 3 scrolls of identify.
 15838 | D:12     | 15838 ||| IDENTIFYING bubbling grey potion
 15839 | D:12     | 15839 ||| DROPPING potion of berserk rage.
 15894 | D:13     | Reached skill level 16 in Axes
 15949 | D:13     | Reached skill level 6 in Throwing
 15958 | D:13     | 15958 ||| FLEEEEING.
 15959 | D:13     | 15959 ||| FLEEEEING.
 15960 | D:13     | 15960 ||| FLEEEEING.
 15961 | D:13     | 15961 ||| FLEEEEING.
 15962 | D:13     | 15962 ||| FLEEEEING.
 15963 | D:13     | 15963 ||| FLEEEEING.
 15964 | D:13     | 15964 ||| FLEEEEING.
 15998 | D:13     | 15998 ||| READING scroll of enchant armour.
 15998 | D:13     | 15998 ||| ENCHANTING +1 pair of gloves.
 16006 | D:13     | Found a gate to the Vaults.
 16071 | D:13     | Received a gift from Okawaru
 16135 | D:13     | Found a portal to a secret trove of treasure.
 16169 | D:13     | 16169 ||| INVOKING Heroism.
 16278 | D:13     | 16278 ||| Stepping ~*~*~tactically~*~*~ (hiding).
 16279 | D:13     | 16279 ||| Stepping ~*~*~tactically~*~*~ (hiding).
 16315 | D:13     | 16315 ||| Stepping ~*~*~tactically~*~*~ (hiding).
 16318 | D:13     | 16318 ||| Stepping ~*~*~tactically~*~*~ (hiding).
 16511 | D:14     | 16511 ||| Stepping ~*~*~tactically~*~*~ (hiding).
 16512 | D:14     | 16512 ||| Stepping ~*~*~tactically~*~*~ (hiding).
 16602 | D:14     | 16602 ||| Stepping ~*~*~tactically~*~*~ (hiding).
 16607 | D:14     | 16607 ||| INVOKING Heroism.
 16622 | D:14     | Noticed Kirke
 16623 | D:14     | 16623 ||| FLEEEEING.
 16632 | D:14     | 16632 ||| INVOKING Finesse.
 16643 | D:14     | Killed Kirke
 16645 | D:14     | 16645 ||| FLEEEEING.
 16646 | D:14     | 16646 ||| FLEEEEING.
 16647 | D:14     | 16647 ||| FLEEEEING.
 16673 | D:14     | 16673 ||| INVOKING Heroism.
 16705 | D:14     | 16705 ||| Stepping ~*~*~tactically~*~*~ (stealth).
 16713 | D:14     | 16713 ||| Stepping ~*~*~tactically~*~*~ (stealth).
 16715 | D:14     | 16715 ||| Stepping ~*~*~tactically~*~*~ (stealth).
 16725 | D:14     | 16725 ||| READING 3 scrolls of teleportation.
 16727 | D:14     | Received a gift from Okawaru
 16734 | D:14     | 16734 ||| Stepping ~*~*~tactically~*~*~ (stealth).
 16735 | D:14     | 16735 ||| Stepping ~*~*~tactically~*~*~ (stealth).
 16778 | D:14     | 16778 ||| Stepping ~*~*~tactically~*~*~ (hiding).
 16779 | D:14     | 16779 ||| Stepping ~*~*~tactically~*~*~ (hiding).
 16780 | D:14     | 16780 ||| Stepping ~*~*~tactically~*~*~ (hiding).
 16808 | D:14     | Noticed Rupert
 16809 | D:14     | 16809 ||| INVOKING Heroism.
 16810 | D:14     | 16810 ||| INVOKING Finesse.
 16821 | D:14     | Killed Rupert
 17047 | D:14     | 17047 ||| Stepping ~*~*~tactically~*~*~ (stealth).
 17048 | D:14     | 17048 ||| Stepping ~*~*~tactically~*~*~ (stealth).
 17049 | D:14     | 17049 ||| Stepping ~*~*~tactically~*~*~ (stealth).
 17088 | D:14     | Noticed Louise
 17089 | D:14     | 17089 ||| INVOKING Heroism.
 17090 | D:14     | 17090 ||| INVOKING Finesse.
 17090 | Abyss:2  | Cast into level 2 of the Abyss (Louise)
 17155 | Abyss:2  | 17155 ||| Stepping ~*~*~tactically~*~*~ (stealth).
 17158 | Abyss:2  | 17158 ||| INVOKING Heroism.
 17217 | Abyss:2  | Reached skill level 17 in Axes
 17230 | Abyss:2  | Found a corrupted altar of Lugonu.
 17233 | Abyss:2  | 17233 ||| Stepping ~*~*~tactically~*~*~ (stealth).
 17246 | Abyss:2  | 17246 ||| INVOKING Heroism.
 17251 | Abyss:2  | Received a gift from Okawaru
 17253 | Abyss:2  | 17253 ||| Stepping ~*~*~tactically~*~*~ (hiding).
 17253 | Abyss:2  | Found a corrupted altar of Lugonu.
 17260 | Abyss:2  | HP: 20/96 [disintegration (57)]
 17261 | Abyss:2  | 17261 ||| READING 3 scrolls of teleportation.
 17262 | Abyss:2  | 17262 ||| DRINKING potion of heal wounds.
 17267 | Abyss:2  | Noticed an Executioner
 17292 | Abyss:2  | Noticed a tentacled starspawn
 17301 | Abyss:2  | 17301 ||| INVOKING Heroism.
 17302 | Abyss:2  | Killed a tentacled starspawn
 17309 | Abyss:2  | Reached XP level 16. HP: 75/103 MP: 21/23
 17311 | Abyss:2  | 17311 ||| Stepping ~*~*~tactically~*~*~ (stealth).
 17312 | Abyss:2  | 17312 ||| Stepping ~*~*~tactically~*~*~ (stealth).
 17392 | Abyss:2  | 17392 ||| INVOKING Heroism.
 17428 | Abyss:2  | 17428 ||| Stepping ~*~*~tactically~*~*~ (stealth).
 17433 | Abyss:2  | 17433 ||| Stepping ~*~*~tactically~*~*~ (stealth).
 17450 | Abyss:2  | Noticed a tentacled monstrosity
 17451 | Abyss:2  | 17451 ||| INVOKING Heroism.
 17464 | Abyss:2  | Killed a tentacled monstrosity
 17490 | Abyss:2  | Noticed a lich
 17495 | Abyss:2  | Killed a lich
 17499 | D:14     | Escaped the Abyss
 17500 | D:14     | 17500 ||| INVOKING Heroism.
 17513 | D:14     | Killed Louise
 17605 | D:14     | 17605 ||| UPGRADING to +0 tower shield.
 17615 | D:14     | 17615 ||| DROPPING +0 kite shield.
 17640 | D:15     | Entered Level 15 of the Dungeon
 17761 | D:15     | 17761 ||| Stepping ~*~*~tactically~*~*~ (hiding).
 17762 | D:15     | 17762 ||| Stepping ~*~*~tactically~*~*~ (stealth).
 17793 | D:15     | 17793 ||| Stepping ~*~*~tactically~*~*~ (hiding).
 17871 | D:15     | 17871 ||| INVOKING Heroism.
 17872 | D:15     | 17872 ||| INVOKING Finesse.
 17876 | D:15     | 17876 ||| SWAPPING to +0 morningstar.
 17904 | D:15     | 17904 ||| SWAPPING to +4 broad axe.
 17961 | D:15     | Noticed Jorgrun
 17962 | D:15     | 17962 ||| INVOKING Heroism.
 17983 | D:15     | Killed Jorgrun
 18050 | D:15     | Noticed Roxanne
 18051 | D:15     | 18051 ||| INVOKING Heroism.
 18074 | D:15     | Killed Roxanne
 18285 | D:15     | 18285 ||| Stepping ~*~*~tactically~*~*~ (hiding).
 18297 | D:15     | 18297 ||| INVOKING Heroism.
 18299 | D:15     | Paralysed by a great orb of eyes for 4 turns
 18303 | D:15     | Mangled by a very large slime creature

Levels and vault maps discovered:
D:1:      dpeg_arrival_water_altar, layout_loops_ring
D:2:      layout_basic, basic_altar, chequers_ecumenical_altar_simple_redux,
          uniq_sigmund
D:3:      minmay_recursive_quarters, layout_basic, uniq_grinder, uniq_ijyb,
          uniq_natasha
D:4:      layout_basic, zin_purify, serial_shops, shop,
          gammafunk_ghost_gnarly_gnolls, uniq_duvessa, uniq_crazy_yiuf_cottage
D:5:      layout_rooms, nicolae_vehumet_altar_sigil, marbit_many_paths,
          nicolae_overflow_squiral, minmay_misc_feat_tiny, grunt_ministairs_2,
          hangedman_decor_opposing
D:6:      layout_basic
D:7:      layout_loops_ring, mainiacjoe_overflow_surrounded_room,
          temple_fountains, enter_bailey_3, minmay_crystal_water,
          nicolae_wooded_promenade, uniq_joseph
D:8:      layout_basic, dpeg_oklobed_lair
D:9:      layout_roguey, lemuel_tele_altar, orc_0_dummy, uniq_maggie,
          uniq_prince_ribbit1
D:10:     lemuel_ice_statue, layout_cave_pools, nicolae_overflow_hidden_temple,
          gammafunk_ghost_hive
D:11:     minmay_inside_and_out, layout_gridville,
          hangedman_decor_clover_reticule, uniq_erolcha
D:12:     minmay_shoctagon, layout_rooms, grunt_ministairs_2,
          minmay_statue_bubble
D:13:     layout_rooms, david_vaults_5, nicolae_trove_entry_free_sample
D:14:     layout_cave_pools, serial_park_avenue1, st_stairs_7, uniq_rupert,
          uniq_kirke, uniq_louise
D:15:     gammafunk_enter_depths_forms, layout_cave_pools,
          nicolae_concentric_dashed_squares_mild, uniq_jorgrun, uniq_roxanne
Temple:   zaba_magenta_temple
Lair:1:   layout_gridlike, uniq_grum
Lair:2:   layout_gridlike, palyth_hydra_swamp_entry, gauntlet_entry_generic
Lair:3:   layout_misc_corridors, nicolae_spider_entry_lesser_pyramids,
          gammafunk_ghost_arena, infiniplex_staircase_pool_2, grunt_megastairs_1
Lair:4:   minmay_lair_venomous_thicket, layout_gridlike,
          dpeg_slime_entry_corner, grunt_megastairs_3, lemuel_fruit_tree
Lair:5:   due_jungle_book, layout_regular_city, grunt_megastairs_5, uniq_nessos

Skill      XL: |  1  2  3  4  5  6  7  8  9 10 11 12 13 14 15 16 |
---------------+-------------------------------------------------+-----
Axes           | 2 3 5 7 8 9 10 11 12 14 15 17 | 17.0
Dodging        | 3 4 |  4.0
Fighting       | 4 6 8 9 10 12 13 | 13.0
Armour         | 4 5 6 7 8 9 |  9.7
Shields        | 8 9 10 11 12 13 14 | 14.1
Throwing       | 1 2 5 6 |  6.7
Invocations    | 4 5 9 10 | 10.0

Action                     |  1- 3 |  4- 6 |  7- 9 | 10-12 | 13-15 | 16-18 || total
---------------------------+-------+-------+-------+-------+-------+-------++-------
  Melee: War axe           |   105 |    62 |   396 |   427 |   194 |       ||  1184
         Morningstar       |       |       |       |    33 |    11 |    27 ||    71
         Broad axe         |       |       |       |       |   991 |   169 ||  1160
  Throw: Boomerang         |       |       |    21 |    95 |   185 |    20 ||   321
         Javelin           |       |       |       |       |    41 |       ||    41
 Invoke: Heroism           |       |       |       |    24 |    31 |     7 ||    62
         Finesse           |       |       |       |     1 |     9 |     1 ||    11
    Use: Scroll            |     3 |     2 |     3 |     5 |    16 |       ||    29
         Potion            |     1 |     1 |     6 |     8 |     3 |       ||    19
   Stab: Invisible         |       |       |       |       |     2 |       ||     2
         Petrifying        |       |       |       |       |     1 |       ||     1
         Distracted        |       |       |       |       |       |     1 ||     1
 Armour: Scale mail        |    36 |    27 |    38 |       |       |       ||   101
         Chain mail        |       |       |   194 |   235 |   560 |   116 ||  1105
  Dodge: Dodged            |    39 |    26 |   153 |   193 |   412 |    95 ||   918
  Block: Buckler           |    19 |    13 |    64 |       |       |       ||    96
         Kite shield       |       |       |    46 |   281 |   638 |    31 ||   996
         Tower shield      |       |       |       |       |       |   100 ||   100

Table legend:
 A = Non-vault XP
 B = Vault XP
 C = Vault XP percentage of total XP
 D = Non-vault monster count
 E = Vault monster count
 F = Vault count percentage of total count
                 A         B        C        D         E       F
            +---------+---------+-------+---------+---------+-------
      Total |   98003 |   51114 |  34.3 |     473 |     144 |  23.3
            +---------+---------+-------+---------+---------+-------
        D:1 |      29 |       0 |   0.0 |      19 |       0 |   0.0
        D:2 |      73 |     223 |  75.3 |      23 |       1 |   4.2
        D:3 |     104 |     356 |  77.4 |      18 |      13 |  41.9
        D:4 |     504 |     212 |  29.6 |      24 |       2 |   7.7
        D:5 |     884 |     178 |  16.8 |      20 |       5 |  20.0
        D:6 |     352 |       0 |   0.0 |      12 |       0 |   0.0
        D:7 |    1414 |     441 |  23.8 |      19 |       5 |  20.8
        D:8 |    2889 |       0 |   0.0 |      30 |       0 |   0.0
        D:9 |    2435 |     644 |  20.9 |      23 |       2 |   8.0
       D:10 |    3363 |     418 |  11.1 |      20 |       1 |   4.8
       D:11 |    2540 |    5666 |  69.0 |       8 |      12 |  60.0
       D:12 |    6282 |    3461 |  35.5 |      33 |       8 |  19.5
       D:13 |    8443 |    1032 |  10.9 |      27 |       2 |   6.9
       D:14 |   10031 |    5820 |  36.7 |      27 |       6 |  18.2
       D:15 |    6768 |    4568 |  40.3 |      20 |       4 |  16.7
     Lair:1 |    5169 |     417 |   7.5 |      24 |       3 |  11.1
     Lair:2 |    6041 |    2941 |  32.7 |      20 |       7 |  25.9
     Lair:3 |    7454 |    2357 |  24.0 |      24 |       7 |  22.6
     Lair:4 |    5461 |    4171 |  43.3 |      17 |      23 |  57.5
     Lair:5 |   12300 |   18209 |  59.7 |      33 |      43 |  56.6
    Abyss:2 |   15467 |       0 |   0.0 |      32 |       0 |   0.0
            +---------+---------+-------+---------+---------+-------
